 Dungeon Crawl Stone Soup version 0.18-b1-10-g3f7de93 (webtiles) character file.

8643 shmeve the Nimble (level 11, -10/87 HPs)
             Began as a Vampire Berserker on Apr 29, 2016.
             Was a High Priest of Trog.
             Killed from afar by Harold (37 damage)
             ... with a bolt of fire
             ... on level 10 of the Dungeon on Apr 30, 2016.
             The game lasted 00:21:32 (8226 turns).

shmeve the Nimble (Vampire Berserker)               Turns: 8226, Time: 00:21:33

Health: -10/87     AC: 18    Str: 19    XL:     11   Next: 12%
Magic:  11/11      EV:  5    Int: 10    God:    Trog [*****.]
Gold:   471        SH:  0    Dex: 14    Spells: 0 memorised, 10 levels left

rFire  . . .     SeeInvis +     q - +2 war axe (elec)
rCold  . . .     Gourm    .     p - +0 plate armour
rNeg   . . .     Faith    .     (no shield)
rPois  .         Spirit   .     (no helmet)
rElec  .         Dismiss  .     m - +2 cloak
rCorr  .         Reflect  .     j - +1 pair of gloves
SustAt .         Harm     .     B - +0 pair of boots
MR     +++..                    (no amulet)
Stlth  ++........               o - ring of stealth
                                h - ring of stealth

@: held, regenerating, extremely resistant to hostile enchantments, unstealthy
A: fangs 3, see invisible, unbreathing
a: Berserk, Trog's Hand, Brothers in Arms, Burn Spellbooks, Renounce Religion


You were on level 10 of the Dungeon.
You worshipped Trog.
Trog was extremely pleased with you.
You were very full.

You visited 2 branches of the dungeon, and saw 11 of its levels.

You collected 516 gold pieces.
You spent 45 gold pieces at shops.

Inventory:

Hand Weapons
 q - a +2 war axe of electrocution (weapon)
Armour
 j - a +1 pair of gloves (worn)
 m - a +2 cloak (worn)
 p - a +0 plate armour (worn)
 B - a +0 pair of boots (worn)
 N - a +0 shield
Jewellery
 h - a ring of stealth (left hand)
 i - an uncursed ring of sustain attributes
 o - a ring of stealth (right hand)
Wands
 E - a wand of flame (30/48)
 H - a wand of flame (16/48)
 J - a wand of paralysis (9/24)
 K - a wand of teleportation (5/9)
 M - a wand of slowing (19/48)
Scrolls
 c - a scroll of blinking {unknown}
 f - 2 scrolls of amnesia
 g - 3 scrolls of immolation
 k - 4 scrolls of identify
 u - a scroll of remove curse
 x - 2 scrolls of fear {unknown}
 y - a scroll of enchant weapon {unknown}
 F - a scroll of magic mapping {unknown}
 G - a scroll of enchant armour
 L - a scroll of vulnerability {unknown}
Potions
 a - 3 potions of flight {unknown}
 b - 2 potions of ambrosia {unknown}
 d - 2 potions of haste
 e - 6 potions of agility
 l - 4 potions of invisibility {unknown}
 n - 4 potions of heal wounds {unknown}
 r - 5 potions of curing {unknown}
 s - 2 potions of resistance {unknown}
 t - a potion of might
 v - a potion of berserk rage {unknown}
 w - 2 potions of degeneration {unknown}
 z - 2 potions of lignification {unknown}
 A - a potion of cancellation {unknown}
 C - a potion of magic {unknown}
 D - a potion of brilliance {unknown}
 I - 7 potions of blood


   Skills:
 - Level 8.5 Fighting
 - Level 8.4 Axes
 - Level 5.0 Armour
 - Level 9.9 Dodging
 + Level 9.4 Stealth
 * Level 1.1 Shields


You had 10 spell levels left.
You didn't know any spells.

Dungeon Overview and Level Annotations

Branches:
Dungeon (10/15)            Temple (1/1) D:5            Lair (0/8) D:10
    Orc: D:9-12

Altars:
Ashenzari
Cheibriados
Dithmenos
Elyvilon
Kikubaaqudgha
Pakellas
Vehumet
Xom
Yredelemnul
The Shining One

Shops:
D:6 }*   D:10 [%%

Annotations:
D:10 Harold


Innate Abilities, Weirdness & Mutations

Your natural rate of healing is unusually fast.
You have razor-sharp teeth.
You have supernaturally acute eyesight.
You can survive without breathing.


Message History

Harold throws a throwing net.
The throwing net hits you.
You become entangled in the net!
Things that are here:
a throwing net; a tomahawk You slice into the net.
The orc warrior throws a tomahawk.
The tomahawk hits you! Harold gestures at you while chanting.
The bolt of fire hits you!
You slice the net and break free!
Harold throws a throwing net.
The throwing net hits you.
You become entangled in the net!
Unknown command.
Your skin crawls.
You feel resistant to hostile enchantments.
You feel slightly less full.
The orc warrior hits you but does no damage.
You slice into the net.
The orc warrior hits you with a hand axe!
Harold points at you and mumbles some strange words.
The bolt of fire hits you!
You die...

##.P.....#.>..
.#....P..# #.# ....
.##.....##...## ...
.###...## ..}#. ...
....#.#.##.#.#.# ..
....#.#.##.#.#.###.#
..#.#..)#..........#
.##..##.........o..###..
.###.##..###.#..@......o
.# #.##..# #.#..........
.# #.##..# #.#.(#..>@.<.
.###.##.∩###.#..##.....#
......................##
####.........(.######.#
# ###########..... .#
###### #


You could see Harold, an orc warrior and an orc (wandering).

Vanquished Creatures
  Pikel (D:5)
  An elephant (D:10)
  Joseph (D:10)
  Maurice (D:9)
  A troll (D:8)
  Grinder (D:6)
  The ghost of chicagocrazy the Sneak, an amateur DsEn of Cheibriados (D:5)
  Prince Ribbit (D:5)
  A wraith (D:8)
  5 yaks (D:9)
  Eustachio (D:6)
  A steam dragon (D:8)
  2 hippogriffs
  Edmund (D:5)
  Duvessa (D:7)
  The ghost of 2ustice the Grave Robber, an amateur DENe (D:3)
  3 orc warriors (D:9)
  5 phantoms
  4 ice beasts
  A black bear (D:8)
  A sky beast (D:8)
  7 ogres
  10 centaurs
  2 crocodiles (D:10)
  A big kobold (D:8)
  6 giant frogs
  A scorpion (D:4)
  Dowan (D:7)
  6 howler monkeys
  2 crimson imps
  2 giant frog zombies
  4 hounds
  2 jellies
  A quasit (D:7)
  3 orc priests
  Crazy Yiuf (D:7)
  A giant frog skeleton (D:5)
  3 iguanas
  Natasha (thrice) (D:4)
  3 orc wizards (D:9)
  9 worker ants
  A hound skeleton (D:7)
  A worker ant zombie (D:8)
  8 adders
  4 gnolls (D:4)
  A shadow imp (D:8)
  An adder zombie (D:6)
  3 worms
  2 dart slugs
  6 giant geckos
  11 orcs
  9 bats
  3 giant cockroaches
  7 hobgoblins
  16 jackals
  7 quokkas
  4 giant newts
  5 goblins
  6 kobolds
  A quokka skeleton (D:6)
  6 rats
205 creatures vanquished.

Vanquished Creatures (others)
  A hound (D:4)
  A worker ant (D:5)
  An orc (D:4)
  A quokka (D:3)
4 creatures vanquished.

Grand Total: 209 creatures vanquished

Notes
Turn   | Place    | Note
--------------------------------------------------------------
     0 | D:1      | shmeve the Vampire Berserker began the quest for the Orb.
     0 | D:1      | Reached XP level 1. HP: 17/17 MP: 1/1
   208 | D:1      | Reached XP level 2. HP: 22/23 MP: 2/2
   626 | D:2      | Reached skill level 1 in Stealth
   815 | D:2      | Reached XP level 3. HP: 22/29 MP: 3/3
   980 | D:2      | Found a snail-covered altar of Cheibriados.
  1071 | D:2      | Reached ** piety under Trog
  1445 | D:3      | Noticed 2ustice's ghost (amateur DENe)
  1452 | D:3      | Killed 2ustice's ghost
  1452 | D:3      | Reached XP level 4. HP: 29/36 MP: 4/4
  1452 | D:3      | Reached XP level 5. HP: 33/41 MP: 5/5
  2122 | D:3      | Found a white marble altar of Elyvilon.
  2248 | D:3      | Reached *** piety under Trog
  2480 | D:4      | Found an oddly glowing altar of Pakellas.
  2493 | D:4      | Reached XP level 6. HP: 48/48 MP: 6/6
  2787 | D:4      | Found a shimmering altar of Xom.
  2789 | D:4      | Noticed Natasha
  2812 | D:4      | Killed Natasha
  2853 | D:4      | Noticed Natasha
  2862 | D:4      | Killed Natasha
  2862 | D:4      | Reached XP level 7. HP: 11/55 MP: 7/7
  3076 | D:4      | Noticed Natasha
  3082 | D:4      | Killed Natasha
  3284 | D:4      | Found an ancient bone altar of Kikubaaqudgha.
  3306 | D:5      | Entered Level 5 of the Dungeon
  3449 | D:5      | Noticed Prince Ribbit
  3461 | D:5      | Found a staircase to the Ecumenical Temple.
  3463 | D:5      | Killed Prince Ribbit
  3463 | D:5      | Reached skill level 5 in Dodging
  3471 | Temple   | Entered the Ecumenical Temple
  3508 | D:5      | Found a glowing golden altar of the Shining One.
  3508 | D:5      | Found a shattered altar of Ashenzari.
  3547 | D:5      | Noticed Edmund
  3550 | D:5      | Killed Edmund
  3550 | D:5      | Reached skill level 5 in Fighting
  3649 | D:5      | Noticed chicagocrazy's ghost (amateur DsEn)
  3681 | D:5      | Killed chicagocrazy's ghost
  3681 | D:5      | Reached skill level 5 in Axes
  3681 | D:5      | Reached skill level 5 in Stealth
  3681 | D:5      | Reached XP level 8. HP: 55/62 MP: 8/8
  3692 | D:5      | Noticed Pikel
  3700 | D:5      | Killed Pikel
  4184 | D:6      | Noticed Grinder
  4194 | D:6      | Killed Grinder
  4196 | D:6      | Reached XP level 9. HP: 69/69 MP: 9/9
  4267 | D:6      | Found a shadowy altar of Dithmenos.
  4267 | D:6      | Found a shimmering altar of Xom.
  4338 | D:6      | Found Gede's Off-Brand Ammunition.
  4361 | D:6      | Found Nuxeqoomm's Gadget Shoppe.
  4508 | D:6      | Noticed Eustachio
  4545 | D:6      | Killed Eustachio
  4726 | D:7      | Reached **** piety under Trog
  4855 | D:7      | Noticed Duvessa
  4857 | D:7      | Noticed Dowan
  4865 | D:7      | Killed Dowan
  4868 | D:7      | Killed Duvessa
  5201 | D:7      | Found a basalt altar of Yredelemnul.
  5274 | D:7      | Noticed Crazy Yiuf
  5278 | D:7      | Killed Crazy Yiuf
  5420 | D:8      | Reached XP level 10. HP: 35/79 MP: 10/10
  6712 | D:8      | Found a shadowy altar of Dithmenos.
  7349 | D:9      | Noticed Maurice
  7363 | D:9      | Killed Maurice
  7756 | D:9      | Reached skill level 5 in Armour
  7822 | D:9      | Reached ***** piety under Trog
  8063 | D:10     | Entered Level 10 of the Dungeon
  8063 | D:10     | Found Patuhic's Food Boutique.
  8116 | D:10     | Reached XP level 11. HP: 82/87 MP: 11/11
  8121 | D:10     | Found a staircase to the Lair.
  8155 | D:10     | Found Peic's Armour Boutique.
  8167 | D:10     | Bought a +0 shield for 45 gold pieces
  8173 | D:10     | Found Ahinekk's Food Boutique.
  8178 | D:10     | Noticed Joseph
  8202 | D:10     | Killed Joseph
  8202 | D:10     | Reached skill level 1 in Shields
  8221 | D:10     | Noticed Harold
  8226 | D:10     | Killed from afar by Harold

Skill      XL: |  1  2  3  4  5  6  7  8  9 10 11 |
---------------+----------------------------------+-----
Stealth        | 1 2 3 5 6 7 9 |  9.4
Fighting       | 3 4 5 6 7 8 |  8.5
Axes           | 3 4 5 7 8 |  8.4
Dodging        | 3 4 5 6 8 9 |  9.9
Armour         | 2 3 4 5 |  5.0
Shields        | 1 |  1.1

Action                   |  1- 3 |  4- 6 |  7- 9 | 10-12 || total
-------------------------+-------+-------+-------+-------++-------
Melee: Hand axe          |   101 |    93 |       |       ||   194
       Bite              |    16 |    13 |    22 |    24 ||    75
       War axe           |       |    85 |   270 |   246 ||   601
Invok: Berserk           |     1 |     1 |     2 |     1 ||     5
       Burn Spellbooks   |       |     1 |     1 |       ||     2
       Trog's Hand       |       |     1 |     4 |     1 ||     6
  Use: Scroll            |       |       |     9 |       ||     9
 Stab: Sleeping          |     3 |       |     1 |     6 ||    10
  Eat: Corpse            |    12 |    14 |    19 |    18 ||    63
Armor: Animal skin       |    25 |       |       |       ||    25
       Plate armour      |     2 |   126 |   248 |   181 ||   557
Dodge: Dodged            |    69 |    64 |   139 |   139 ||   411
